 Dungeon Crawl Stone Soup version 0.30-b1-2-g02819fbbbe (webtiles) character file.

Game seed: 8846780372036320573

29 raph the Slasher (level 3, 0/29 HPs)
             Began as a Human Cinder Acolyte on May 9, 2023.
             Was a High Priest of Ignis.
             Killed from afar by Natasha (9 damage)
             ... with a magic dart
             ... on level 2 of the Dungeon.
             The game lasted 00:01:31 (775 turns).

raph the Slasher (Human Cinder Acolyte)              Turns: 775, Time: 00:01:32

Health: 0/29       AC:  3    Str: 14    XL:     3   Next: 32%
Magic:  0/4        EV: 11    Int: 14    God:    Ignis [*****.]
Gold:   103        SH:  0    Dex: 10    Spells: 2/4 levels left

rFire   + . .        a - -1 falchion (flame)
rCold   . . .        (no shield)
rNeg    . . .        g - +0 leather armour
rPois   .            (no helmet)
rElec   .            (no cloak)
rCorr   .            (no gloves)
SInv    .            (no boots)
Will    .....        (no amulet)
Stlth   +            (no ring)
HPRegen 0.24/turn    (no ring)
MPRegen 0.09/turn

%: no passive effects
@: very slightly contaminated
A: no striking features
a: Renounce Religion, Fiery Armour, Foxfire Swarm, Rising Flame


You were on level 2 of the Dungeon.
You worshipped Ignis.
Ignis was extremely pleased with you.
You visited 1 branch of the dungeon, and saw 2 of its levels.

You collected 103 gold pieces.

Inventory:

Hand Weapons
 a - a -1 falchion of flaming (weapon)
Armour
 b - a +0 robe
 g - a +0 leather armour (worn)
Scrolls
 e - a scroll of immolation {unknown}
 h - a scroll of poison {unknown}
Potions
 c - 2 potions of might
 d - a potion of flight {unknown}
 f - a potion of lignification {unknown}


   Skills:
 + Level 3.2 Fighting
 * Level 3.4 Long Blades
 - Level 1.2 Spellcasting
 * Level 3.4 Fire Magic


You had 2 spell levels left.
You knew the following spells:

 Your Spells              Type           Power      Damage    Failure   Level
a - Scorch                Fire           20%        2d5       12%         2

Your spell library contained the following spells:

 Spells                   Type           Power      Damage    Failure   Level


Dungeon Overview and Level Annotations

Branches:
Dungeon (2/15)

Altars:

Annotations:
D:2 Natasha


Message History

Found a stone staircase leading down.
There is a stone staircase leading down here.
Natasha, Servant of Life and Death comes into view.
Found 14 gold pieces.
Natasha hisses angrily.
Casting: Scorch (safe; 12% risk of failure)
Confirm with . or Enter, or press ? or * to list all spells.
Flames lash Natasha.
Natasha is moderately wounded.
Natasha's fire resistance burns away.
You hear a shout!
Casting: Scorch (safe; 12% risk of failure)
Confirm with . or Enter, or press ? or * to list all spells.
You miscast Scorch.
You are very lightly contaminated with residual magic.
Nothing appears to happen.
Natasha casts a spell at you. The magic dart hits you!
Found 10 gold pieces.
Natasha mumbles some strange words.
You barely miss Natasha.
Natasha is moderately wounded.
Natasha is no longer more vulnerable to fire.
Natasha drinks a potion.
Natasha seems to grow stronger.
The cerulean imp hits you from afar with a +2 spear.
You closely miss Natasha.
Natasha is moderately wounded.
Natasha closely misses you. The cerulean imp completely misses you.
You closely miss Natasha.
Natasha is moderately wounded.
Natasha closely misses you.
The cerulean imp hits you from afar with a +2 spear.
You hit Natasha. You burn Natasha.
Natasha is severely wounded.
Natasha claws you.
The cerulean imp hits you from afar with a +2 spear.
* * * LOW HITPOINT WARNING * * *
Natasha stares at you and mumbles some strange words.
The magic dart hits you!
You die...

#..........#
#..###.###.#
..# #.# #.#
#.###.# #.#
#..##.# #.#
#..##.# #.#
#..##<# #.#
#..######.##
#@..>......#
#.##########
#h# #5# #.#
.$# ..# ..#
.$.#


You could see Natasha (strong) and a cerulean imp (summoned).

Vanquished Creatures
  2 dart slugs (D:1)
  3 bats (D:1)
  5 endoplasms (D:1)
  2 goblins (D:1)
  3 hobgoblins (D:1)
  4 ball pythons (D:1)
  A kobold (D:1)
  2 rats (D:1)
22 creatures vanquished.

Notes
Turn   | Place    | Note
-------+----------+-------------------------------------------
     0 | D:1      | raph the Human Cinder Acolyte began the quest for the Orb.
     0 | D:1      | Reached XP level 1. HP: 18/18 MP: 2/2
   144 | D:1      | Reached XP level 2. HP: 24/24 MP: 3/3
   169 | D:1      | Found a faded altar of an unknown god.
   388 | D:1      | Reached XP level 3. HP: 29/29 MP: 4/4
   391 | D:1      | Learned a level 2 spell: Scorch
   767 | D:2      | Noticed Natasha
   775 | D:2      | Killed from afar by Natasha

Illustrated notes

Levels and vault maps discovered:
D:1:      doesnt_arrival_eight_statues, layout_rooms,
          ebering_ecumenical_altar_mist, dreamdust_wishing_well
D:2:      layout_basic, uniq_robin, uniq_natasha

Action                     || total
---------------------------++-------
  Melee: Falchion          ||    56
   Cast: Scorch            ||     7
 Armour: Robe              ||    18
  Dodge: Dodged            ||    47
